Map: Dusk Towers

Players

Rockfire

  • Race: Terran Terran

A.I. 1 (Elite) - Winner!

  • Race: Terran Terran

VOD

Have the link to the VOD?

Description

Time

  • Played on: Nov. 10, 2015, 12:10 p.m.
  • Length: 9:13
Show
View Real Time Build Order
Export as new Build Order

Rockfire Terran 

Build Orders:  

Get SALT Encoding   

  12  0:01  SCV  
  13  0:13  SCV  
  14  0:18  Supply Depot  
  14  0:25  SCV  
  15  0:39  SCV  
  15  0:40  Barracks  
  16  0:51  SCV  
  17  1:03  SCV  
  18  1:16  SCV  
  19  1:20  Command Center  
  19  1:29  Orbital Command  
  19  1:32  Marine  
  20  1:40  Supply Depot  
  20  1:50  Marine  
  20  1:53  Barracks  
  21  1:55  SCV  
  22  2:08  SCV  
  22  2:09  Barracks  
  22  2:13  Marine  
  24  2:20  SCV  
  25  2:30  Barracks  
  25  2:32  SCV  
  26  2:42  Orbital Command  
  26  2:44  Bunker, Marine x2  
  26  2:45  SCV  
  29  2:52  Supply Depot  
  29  2:57  SCV  
  30  3:08  SCV  
  30  3:09  SCV, Barracks  
  32  3:14  Marine x2  
  32  3:15  Marine  
  32  3:18  Marine  
  36  3:21  SCV x2  
  36  3:25  Supply Depot  
  38  3:33  SCV x2  
  40  3:39  Barracks  
  40  3:43  Marine x2  
  40  3:44  Marine  
  40  3:45  SCV x2  
  40  3:46  Barracks  
  45  3:50  Supply Depot  
  45  3:55  Supply Depot  
  45  3:57  SCV x2  
  45  4:02  Marine x3  
  50  4:03  Marine  
  50  4:04  Marine  
  50  4:09  SCV x2  
  54  4:14  Supply Depot  
  54  4:20  Supply Depot  
  54  4:21  SCV x2  
  54  4:24  Barracks  
  56  4:26  Barracks  
  56  4:33  SCV x2  
  59  4:45  SCV x2  
  59  4:49  Command Center  
  59  4:51  Marine x2  
  62  4:56  Marine x3  
  62  4:57  SCV, Marine  
  62  4:58  SCV  
  68  5:06  Bunker  
  68  5:08  Marine  
  68  5:09  SCV, Marine x2  
  68  5:10  SCV  
  73  5:18  Barracks  
  73  5:21  Barracks  
  73  5:22  SCV  
  73  5:24  SCV, Marine x2  
  73  5:25  Marine  
  73  5:26  Marine  
  79  5:30  Supply Depot  
  79  5:34  Supply Depot, SCV  
  80  5:36  SCV  
  80  5:39  Marine x2  
  80  5:40  Marine x2  
  85  5:46  SCV  
  85  5:48  SCV, Marine x3  
  85  5:49  Marine  
  91  5:56  Supply Depot  
  91  5:58  SCV, Supply Depot  
  91  6:00  SCV, Marine  
  91  6:01  Marine x3  
  97  6:06  Marine, Orbital Command  
  97  6:10  SCV  
  99  6:13  SCV  
  99  6:18  Supply Depot, Marine x4  
  100  6:22  SCV  
  105  6:26  SCV  
  105  6:30  Marine x2  
  105  6:31  Marine x2  
  110  6:34  SCV  
  110  6:36  Command Center, SCV, Marine x2  
  110  6:38  SCV  
  115  6:44  Marine x2  
  115  6:46  SCV  
  118  6:48  Marine x2  
  118  6:49  SCV, Marine x2  
  118  6:50  SCV  
  118  6:54  Marine  
  124  6:58  SCV  
  124  7:00  Marine  
  124  7:01  SCV, Marine x2  
  128  7:02  SCV  
  128  7:06  Marine x2  
  128  7:08  Command Center, Marine x2  
  134  7:10  SCV  
  134  7:11  Marine  
  134  7:13  SCV  
  134  7:14  SCV  
  139  7:18  Marine  
  139  7:19  Marine x2  
  139  7:20  Supply Depot  
  139  7:21  Supply Depot  
  142  7:23  SCV  
  142  7:24  Marine x2  
  142  7:25  SCV  
  142  7:26  SCV, Marine x2  
  149  7:36  Barracks  
  149  7:42  SCV x2, Marine x6  
  149  7:43  SCV, Marine x4  
  149  7:44  Marine  
  162  7:46  Supply Depot x2  
  163  7:51  Orbital Command  
  163  7:54  SCV x2  
  165  8:00  Marine x9  
  165  8:02  SCV  
  165  8:03  Marine x2  
  177  8:06  SCV x2  
  179  8:14  SCV  
  179  8:17  Marine x2  
  179  8:18  SCV x2  
  185  8:20  SCV x2, Marine x3  
  185  8:21  Marine x6  
  185  8:23  Marine  
  185  8:25  Barracks  
  185  8:26  SCV  
  197  8:30  SCV x2  
  197  8:32  SCV  
  200  8:38  Barracks  
  200  8:40  Barracks  
  200  8:42  Barracks  
  200  8:47  Barracks  
  200  8:48  Barracks x3  
  199  8:50  Barracks  
  199  8:52  Barracks  
  196  8:55  Barracks  
  196  8:59  Barracks  
  196  9:01  Barracks  
Show
View Real Time Build Order
Export as new Build Order

A.I. 1 (Elite) Terran - Winner!

Build Orders: Bio Tank, MMM Bio 

Get SALT Encoding   

  12  0:00  SCV  
  13  0:13  SCV  
  14  0:19  Supply Depot  
  14  0:25  SCV  
  15  0:41  SCV  
  16  0:42  Barracks  
  16  0:53  SCV  
  17  1:05  SCV  
  18  1:17  Supply Depot, SCV  
  19  1:21  Refinery  
  19  1:29  SCV  
  19  1:30  Marine  
  21  1:41  SCV  
  22  1:48  Marine  
  22  1:51  Refinery  
  22  1:53  SCV  
  24  2:05  SCV  
  24  2:06  Marine  
  26  2:17  SCV  
  26  2:22  Factory  
  27  2:24  Marine  
  27  2:29  SCV  
  29  2:41  Factory, Marine  
  29  2:42  SCV  
  29  2:44  Supply Depot  
  31  2:54  Orbital Command  
  31  3:05  Marine  
  32  3:08  Factory Tech Lab  
  32  3:19  SCV  
  33  3:23  Command Center, Marine  
  33  3:25  Factory Tech Lab  
  34  3:31  SCV  
  35  3:43  SCV  
  37  3:55  SCV  
  37  4:01  Barracks  
  37  4:07  SCV  
  37  4:09  Supply Depot  
  38  4:19  SCV  
  39  4:30  Siege Tank x2  
  45  4:32  SCV, Supply Depot  
  45  4:35  SCV, Marine  
  48  4:44  SCV, Supply Depot  
  49  4:47  SCV  
  50  4:56  SCV  
  50  4:59  SCV  
  52  5:02  Siege Tank, Marine  
  52  5:03  Barracks Tech Lab, Siege Tank  
  59  5:08  SCV  
  59  5:11  SCV  
  61  5:20  SCV, Marine  
  63  5:22  Barracks  
  63  5:23  SCV  
  63  5:24  Stimpack, Marauder  
  63  5:25  Starport  
  66  5:32  Command Center  
  66  5:39  Barracks Reactor  
  66  5:47  Marauder  
  68  6:00  Supply Depot, Engineering Bay  
  68  6:04  Starport Reactor  
  68  6:08  Marine  
  68  6:09  Marauder  
  71  6:14  Marine  
  72  6:24  Engineering Bay  
  72  6:25  Marine  
  72  6:28  Terran Infantry Weapons Level 1  
  72  6:29  Marine  
  72  6:30  Marauder  
  76  6:34  Supply Depot  
  76  6:52  Refinery, Marauder  
  78  6:58  Refinery  
  78  7:05  Terran Infantry Armor Level 1, Barracks Tech Lab, Orbital Command  
  78  7:07  Missile Turret  
  78  7:10  Missile Turret  
  78  7:13  Marauder  
  78  7:15  SCV  
  81  7:16  Barracks  
  81  7:24  Combat Shields  
  81  7:27  Command Center  
  81  7:30  SCV  
  81  7:31  SCV  
  81  7:34  SCV  
  86  7:37  Marauder  
  86  7:40  Marauder  
  86  7:42  Concussive Shells  
  88  7:50  Medivac  
  90  7:53  Medivac  
  90  7:54  Marine  
  90  7:56  Marine  
  96  7:58  Marauder  
  96  8:02  Marauder  
  98  8:07  Supply Depot  
  98  8:13  Siege Tank  
  98  8:18  Siege Tank  
  106  8:20  Marauder  
  106  8:26  Armory  
  106  8:35  Supply Depot  
  106  8:40  SCV  
  106  8:41  SCV  
  108  8:42  SCV  
  108  8:45  SCV  
  110  8:49  Marine  
  110  8:51  Marine  
  110  8:52  SCV  
  110  8:54  SCV  
  104  8:55  SCV  
  104  8:57  SCV  
Tags
 
Composition
Bio TankMMM Bio
Matchup
TvT
Race
Terran
Add a new tag
Caveats
  • Supply blocks, unpowered buildings, or Contaminate may cause inaccurate times.
  • Supply counts are checked every 10 seconds.